 Dungeon Crawl Stone Soup version 0.15.2 (webtiles) character file.

126 RottenBandages the Insei (level 4, 0/35 HPs)
             Began as a Mummy Monk on Oct 28, 2015.
             Slain by a quokka (4 damage)
             ... on Level 3 of the Dungeon.
             The game lasted 00:04:05 (3459 turns).

RottenBandages the Insei (Mummy Monk)               Turns: 3459, Time: 00:04:05

HP   0/35        AC  3     Str 14      XL: 4   Next: 83%
MP   4/4         EV 12     Int  9      God:
Gold 224         SH  0     Dex 15      Spells:  0 memorised,  3 levels left

rFire  x . .     SeeInvis .       - Unarmed
rCold  + . .     Clarity  .     c - +0 leather armour
rNeg   + + +     rCorr    .     (no shield)
rPois  +         rRot     +     (no helmet)
rElec  .         Spirit   .     (no cloak)
SustAb .         Warding  .     (no gloves)
rMut   .         Stasis   .     (no boots)
Gourm  .                        (no amulet)
MR     .....                    (no ring)
                                (no ring)

@: not resistant to hostile enchantments, unstealthy
A: no food or potions, fire vulnerability, restore body, cold resistance 1,
negative energy resistance 3, poison resistance, torment resistance, unbreathing
a: no special abilities


You were on level 3 of the Dungeon.
You were not hungry.

You visited 1 branch of the dungeon, and saw 3 of its levels.

You collected 224 gold pieces.


Innate Abilities, Weirdness & Mutations

You do not eat or drink.
Your flesh is vulnerable to fire.
Your flesh is cold resistant.
You are immune to negative energy.
Your system is resistant to poisons.
You are immune to unholy pain and torment.
You can survive without breathing.


   Skills:
 - Level 3.0 Fighting
 - Level 2.4 Dodging
 - Level 1.5 Stealth
 + Level 5.1 Unarmed Combat


You had 3 spell levels left.
You didn't know any spells.

Inventory:

Armour
 a - a +0 robe
 c - a +0 leather armour (worn)
Magical devices
 i - a wand of confusion (16)
Scrolls
 b - a scroll of enchant armour {unknown}
 d - a scroll of enchant weapon {unknown}
 e - 3 scrolls of identify {@r1}
 f - a scroll of recharging {unknown}
 g - 2 scrolls of fog
 h - a scroll of noise {!r}

Dungeon Overview and Level Annotations

Branches:
Dungeon (3/15)

Altars:
Yredelemnul
Zin

Annotations:
D:3 Terence

#...... #.###'# #.###.# #.>##.#
################ #..##.#
................##......
≈≈≈≈≈≈≈≈≈≈≈≈≈≈≈≈≈#......
≈≈≈≈≈≈≈≈≈≈≈≈≈≈≈≈≈≈#......
......l.Mr@......##...... ###
##############'########......
8[###8(###8£###8)#........#..##'#
...).............'........##.##..
.##########################..##..
.# #.. #...#%! .# ###########.#
#.#####%..#.. .###...........#
#.........#..
...............#############..#..


You could see Terence (confused), a giant gecko (confused) and a quokka.


Message History

Read which item? (? for menu, Esc to quit)
As you read the scroll labeled TAENGAVIUS, it crumbles to dust.
It is a scroll of identify.
Identify which item? (\ to view known items) (? for menu, Esc to quit)
g - 2 scrolls of fog The quokka misses you.
Read which item? (? for menu, Esc to quit)
Identify which item? (\ to view known items) (? for menu, Esc to quit)
As you read the scroll of identify {@r1}, it crumbles to dust.
h - a scroll of noise The quokka barely misses you.
Evoke which item? (* to show all) (? for menu, Esc to quit)
Zapping:
i - a silver wand
Aim: Terence, wielding a mace and wearing a scale mail (severely wounded) Terence resists with significant effort.
i - a wand of confusion {zapped: 1} The quokka closely misses you.
Terence hits you but does no damage.
Evoke which item? (* to show all) (? for menu, Esc to quit)
Zapping:
i - a wand of confusion {zapped: 1}
Aim: Terence, wielding a mace and wearing a scale mail (severely wounded) Terence appears confused.
The quokka misses you.
Terence laughs at nothing.
You hit the quokka.
The quokka is moderately wounded.
The quokka closely misses you.
Evoke which item? (* to show all) (? for menu, Esc to quit)
Zapping:
i - a wand of confusion {zapped: 2}
Aim: a giant gecko (clinging)
The giant gecko appears confused.
The quokka bites you.
You die...

Action                   |  1- 3 |  4- 6 || total
-------------------------+-------+-------++-------
Melee: Unarmed           |   171 |   153 ||   324
Evoke: Wand              |       |     3 ||     3
  Use: Scroll            |       |     2 ||     2
 Stab: Sleeping          |     2 |       ||     2

Vault maps used:
D:1:      minmay_arrival_arboretum_small
D:2:      zin_treasury, first_bread, serial_glass, glass_columns_b,
          glass_columns_b
D:3:      wad_river_or_something, yredelemnul_altar_generic, uniq_terence

Notes
Turn   | Place    | Note
--------------------------------------------------------------
     0 | D:1      | RottenBandages, the Mummy Monk, began the quest for the Orb.
     0 | D:1      | Reached XP level 1. HP: 18/18 MP: 1/1
    17 | D:1      | HP: 1/18 [hobgoblin (3)]
   335 | D:1      | Reached XP level 2. HP: 2/24 MP: 2/2
   812 | D:1      | Reached skill level 4 in Unarmed Combat
  1200 | D:1      | Reached XP level 3. HP: 26/29 MP: 3/3
  1462 | D:2      | Found a glowing silver altar of Zin.
  2319 | D:2      | Reached XP level 4. HP: 24/35 MP: 4/4
  2532 | D:3      | Found a basalt altar of Yredelemnul.
  2886 | D:3      | Reached skill level 5 in Unarmed Combat
  3371 | D:3      | Noticed Terence
  3450 | D:3      | HP: 3/35 [Terence/mace (3)]
  3459 | D:3      | Slain by a quokka

Vanquished Creatures
  6 adders
  A worm (D:3)
  A giant mite (D:3)
  5 giant geckos
  2 oozes
  An orc (D:3)
  5 hobgoblins
  2 jackals (D:2)
  7 kobolds
  2 ball pythons
  10 bats
  4 giant cockroaches
  6 giant newts
  5 goblins
  2 quokkas (D:3)
  7 rats
66 creatures vanquished.
